 Dungeon Crawl Stone Soup version 0.29.1-1-gd02db6906a (webtiles) character file.

Game seed: 8261228126878485137

6868 quakins the Grappler (level 10, 0/110 HPs)
             Began as a Troll Transmuter on Oct 21, 2022.
             Was an Initiate of Ashenzari.
             Slain by a slime creature (10 damage)
             ... on level 9 of the Dungeon.
             The game lasted 00:23:21 (7648 turns).

quakins the Grappler (Troll Transmuter)             Turns: 7648, Time: 00:23:22

Health: 0/110      AC:  8    Str: 24    XL:     10   Next: 78%
Magic:  11/11      EV:  9    Int:  9    God:    Ashenzari [......]
Gold:   803        SH:  0    Dex: 10    Spells: 8/11 levels left

rFire   + . .      SeeInvis +     - Unarmed
rCold   + . .      Faith    .   (no shield)
rNeg    . . .      Spirit   .   L - +0 acid dragon scales
rPois   +          Reflect  .   (helmet restricted)
rElec   .          Harm     .   h - scarf {rC+ rF+}
rCorr   +          Rampage  .   (gloves unavailable)
Will    .....                   (boots unavailable)
Stlth   +.........              (no amulet)
HPRegen 1.08/turn               z - ring of see invisible
MPRegen 0.12/turn               o - ring of poison resistance

@: no status effects
A: large, unfitting armour, claws 3, regeneration 1, shaggy fur 1, tough skin 1
a: Renounce Religion, Curse Item


You were on level 9 of the Dungeon.
You worshipped Ashenzari.
Ashenzari was noncommittal.
You visited 1 branch of the dungeon, and saw 9 of its levels.

You collected 873 gold pieces.
You spent 70 gold pieces at shops.

Inventory:

Missiles
 e - 46 stones
 u - 2 javelins
 y - 27 poisoned darts (quivered)
Armour
 h - a scarf of resistance (worn)
 L - +0 acid dragon scales (worn)
Jewellery
 o - a ring of poison resistance (right claw)
 z - a ring of see invisible (left claw)
Wands
 d - a wand of paralysis (1)
 F - a wand of polymorph (10)
 G - a wand of light (25)
 H - a wand of flame (6)
 K - a wand of mindburst (10)
Scrolls
 a - 2 scrolls of magic mapping
 b - 3 scrolls of butterflies {unknown}
 k - a scroll of silence {unknown}
 l - 3 scrolls of poison
 m - 6 scrolls of teleportation
 p - 2 scrolls of blinking
 q - a scroll of summoning
 r - 2 scrolls of brand weapon
 A - a scroll of vulnerability {unknown}
 C - a scroll of fear
 J - a scroll of amnesia {unknown}
Potions
 c - 6 potions of curing
 f - 2 potions of brilliance {unknown}
 g - 3 potions of attraction
 i - 3 potions of heal wounds
 j - 3 potions of degeneration
 s - 2 potions of resistance
 t - a potion of haste {unknown}
 v - 2 potions of lignification
 x - 3 potions of flight {unknown}
 D - a potion of magic {unknown}
 E - a potion of cancellation {unknown}
 I - a potion of mutation {unknown}


   Skills:
 - Level 10.0 Fighting
 - Level 1.5 Dodging
 + Level 11.0 Unarmed Combat
 - Level 1.4 Spellcasting
 - Level 4.0 Transmutations


You had 8 spell levels left.
You knew the following spells:

 Your Spells              Type           Power      Damage    Failure   Level
a - Beastly Appendage     Tmut           14%        N/A       9%          1
b - Wereblood             Tmut           7%         N/A       13%         2

Your spell library contained the following spells:

 Spells                   Type           Power      Damage    Failure   Level
 Summon Small Mammal      Summ           0%         N/A       41%         1
 Spider Form              Tmut/Pois      4%         N/A       52%         3
 Call Canine Familiar     Summ           0%         N/A       80%         3
 Summon Guardian Golem    Hex/Summ       0%         N/A       80%         3
 Ice Form                 Ice/Tmut       4%         N/A       89%         4
 Summon Forest            Summ/Tloc      0%         N/A       100%        5
 Eringya's Noxious Bog    Tmut/Pois      2%         N/A       100%        6
 Orb of Destruction       Conj           0%         9d5       100%        7
 Spellforged Servitor     Conj/Summ      0%         N/A       100%        7
 Summon Hydra             Summ           0%         N/A       100%        7


Dungeon Overview and Level Annotations

Branches:
Dungeon (9/15)             Temple (0/1) D:6
   Lair: D:8-11         Orc: D:9-12

Altars:
Ashenzari
Kikubaaqudgha
Makhleb
Ru
Sif Muna
Trog
Uskayaw
Wu Jian

Shops:
D:1 :   D:4 !


Innate Abilities, Weirdness & Mutations

You are too large for most types of armour.
You have claws for hands.
Your natural rate of healing is unusually fast.
You are covered in fur. (AC +1)
You have tough skin. (AC +1)


Message History

You barely miss the slime creature.
The slime creature is moderately wounded.
The large slime creature hits you. The slime creature barely misses you.
You mangle the slime creature!!
The slime creature is heavily wounded.
You claw the slime creature! x2
You kill the slime creature!
The large slime creature hits you!!!
* * * LOW HITPOINT WARNING * * *
You mangle the large slime creature!!
The large slime creature is lightly wounded.
A large slime creature splits.
You mangle the slime creature!!
The slime creature is severely wounded.
The slime creature hits you.
* * * LOW HITPOINT WARNING * * *
You claw the slime creature!
The slime creature is almost dead.
The slime creature barely misses you. x2
You claw the slime creature!
You kill the slime creature!
The slime creature hits you!
* * * LOW HITPOINT WARNING * * *
Your Unarmed Combat skill increases to level 11!
You mangle the slime creature!!
The slime creature is heavily wounded.
The slime creature hits you but does no damage.
You scratch the slime creature.
The slime creature is heavily wounded.
The slime creature hits you.
* * * LOW HITPOINT WARNING * * *
You claw the slime creature!
The slime creature is severely wounded.
You mangle the slime creature!!
The slime creature is almost dead.
The slime creature barely misses you.
You scratch the slime creature but do no damage.
The slime creature is almost dead.
The slime creature hits you!
You die...

*,,,* #...# *,, #****,,,* #...#
*,, ..,,,,,,* #...# *,,
...,,,,.######...# *,,
...,,,,..........# *,,
..#**,,..........# *,,
..+,*,,..........#######*******,,
..#.*,,.................,,,,,,,,,
..#.##########'#@J......,,,,,,,,,
###............#........,,,,,,,,,
...............#........,,,,,,,,,
...............#........****,,,,,
...........#####....####*,,*,,,,,
...........#,,,.....#,,,,,,*,,,,,
...........#,,,$....#,,,,,,*,,,,,
........)).#,,,.....#,,,,,,*,,,,,
*#.....)<).#,,,,,,,,*,,,,,,*,,***


You could see a slime creature.

Vanquished Creatures
  Pikel (D:4)
  3 slime creatures (D:9)
  Grinder (D:3)
  A hornet (D:8)
  Sigmund (D:4)
  A wraith (D:8)
  A wyvern (D:8)
  Grum (D:8)
  Menkaure (D:7)
  Edmund (D:4)
  2 acid dragons (D:8)
  Duvessa (D:7)
  2 ice beasts
  A sky beast (D:4)
  A black bear (D:6)
  An orc warrior (D:7)
  2 wolves (D:8)
  2 centaurs
  2 lemures (D:4)
  A phantom (D:5)
  A kobold brigand (D:6)
  Blork the orc (D:4)
  4 bullfrogs
  3 scorpions
  Dowan (D:7)
  10 wights
  14 killer bees
  3 howler monkeys
  4 crimson imps (D:8)
  4 hounds
  3 jellies
  3 orc priests
  Jessica (D:2)
  An iguana (D:5)
  4 orc wizards
  3 gnolls (D:7)
  7 adders
  2 shadow imps (D:8)
  2 white imps (D:8)
  2 worms
  2 dart slugs
  17 orcs
  6 endoplasms
  5 giant cockroaches (D:1)
  4 goblins (D:1)
  3 hobgoblins
  7 jackals
  5 quokkas
  5 ball pythons
  3 bats
  5 frilled lizards (D:1)
  10 kobolds
  7 rats
179 creatures vanquished.

Vanquished Creatures (collateral kills)
  A two-headed ogre (D:7)
1 creature vanquished.

Vanquished Creatures (others)
  A crimson imp (D:8)
  19 fungi
  3 plants (D:1)
  4 toadstools (D:3)
27 creatures vanquished.

Grand Total: 207 creatures vanquished

Notes
Turn   | Place    | Note
-------+----------+-------------------------------------------
     0 | D:1      | quakins the Troll Transmuter began the quest for the Orb.
     0 | D:1      | Reached XP level 1. HP: 18/18 MP: 1/1
     7 | D:1      | You fall into a shaft and drop 1 floor!
    72 | D:2      | Noticed Jessica
   179 | D:1      | Reached XP level 2. HP: 26/26 MP: 3/3
   294 | D:1      | Found Qoazam's Book Emporium.
   543 | D:1      | Reached XP level 3. HP: 31/32 MP: 4/4
   666 | D:2      | Killed Jessica
   667 | D:2      | Reached skill level 4 in Unarmed Combat
  1009 | D:2      | Reached XP level 4. HP: 37/40 MP: 5/5
  1301 | D:3      | Identified the +1 short sword of Funiebip {vorpal, rElec}
  1628 | D:3      | Learned a level 2 spell: Wereblood
  1731 | D:3      | Found an ancient bone altar of Kikubaaqudgha.
  1731 | D:3      | Noticed Grinder
  1731 | D:3      | Paralysed by Grinder for 2 turns
  1843 | D:4      | Noticed a lemure
  1843 | D:4      | Noticed a lemure
  1843 | D:4      | Noticed a scorpion
  1843 | D:4      | Noticed a lemure
  1863 | D:4      | Noticed Pikel
  1873 | D:4      | Noticed a lemure
  2137 | D:4      | Reached skill level 5 in Unarmed Combat
  2161 | D:4      | Found a burning altar of Makhleb.
  2168 | D:4      | Noticed a sky beast
  2190 | D:4      | Killed a sky beast
  2191 | D:4      | Reached skill level 6 in Unarmed Combat
  2191 | D:4      | Reached XP level 5. HP: 46/46 MP: 6/6
  2317 | D:4      | Found an ornate altar of the Wu Jian Council.
  2348 | D:5      | Entered Level 5 of the Dungeon
  2417 | D:5      | Reached XP level 6. HP: 26/54 MP: 7/7
  2500 | D:5      | Found a shimmering blue altar of Sif Muna.
  2552 | D:5      | Reached skill level 7 in Unarmed Combat
  2817 | D:5      | Reached XP level 7. HP: 58/61 MP: 8/8
  2858 | D:5      | Found a broken altar of Ashenzari.
  3029 | D:5      | Became a worshipper of Ashenzari the Shackled
  3109 | D:5      | Reached skill level 8 in Unarmed Combat
  3109 | D:5      | Reached skill level 1 in Fighting
  3238 | D:4      | Found Oheudeti's Distillery.
  3243 | D:4      | Bought a potion of degeneration for 10 gold pieces
  3243 | D:4      | Bought a potion of curing for 30 gold pieces
  3243 | D:4      | Bought a potion of attraction for 30 gold pieces
  3313 | D:4      | Noticed Blork the orc
  3317 | D:4      | Killed Blork the orc
  3433 | D:4      | Noticed Edmund
  3446 | D:4      | Killed Edmund
  3633 | D:6      | Reached XP level 8. HP: 79/79 MP: 9/9
  3681 | D:6      | Reached skill level 5 in Fighting
  3716 | D:6      | Found a staircase to the Ecumenical Temple.
  3852 | D:6      | Found a hide-covered altar of Uskayaw.
  4005 | D:6      | Found a bloodstained altar of Trog.
  4301 | D:7      | Noticed Menkaure
  4308 | D:7      | Killed Menkaure
  4618 | D:7      | Reached XP level 9. HP: 93/93 MP: 10/10
  4835 | D:7      | Noticed a two-headed ogre
  4854 | D:7      | Killed a two-headed ogre
  4886 | D:7      | Identified the +2 helmet of Osyippuff {Stlth+}
  4890 | D:7      | Identified the +7 war axe of Dividends {vorpal, rPois Int+8
                  | Dex+3 Stlth-}
  5024 | D:7      | Noticed Dowan
  5024 | D:7      | Noticed Duvessa
  5130 | D:7      | Killed Duvessa
  5132 | D:7      | Killed Dowan
  5738 | D:4      | Killed Pikel
  5739 | D:4      | Reached skill level 10 in Fighting
  5878 | D:4      | Noticed Sigmund
  5885 | D:4      | Killed Sigmund
  5886 | D:4      | Reached XP level 10. HP: 104/110 MP: 11/11
  6144 | D:3      | Killed Grinder
  6165 | D:3      | Found a sacrificial altar of Ru.
  6894 | D:8      | Reached skill level 9 in Unarmed Combat
  7410 | D:8      | Noticed Grum
  7430 | D:8      | Killed Grum
  7541 | D:8      | Reached skill level 10 in Unarmed Combat
  7644 | D:9      | Reached skill level 11 in Unarmed Combat
  7648 | D:9      | Slain by a slime creature

Illustrated notes

Levels and vault maps discovered:
D:1:      mrwooster_arrival_statue_2, layout_basic, serial_shops, shop,
          serial_bayou_lake_a
D:2:      layout_loops_ring, amcnicky_mini_pool_small,
          chequers_serial_rivers_micro_e, minmay_misc_feat_x, uniq_jessica
D:3:      layout_basic, mainiacjoe_overflow_two_lobes, minmay_misc_feat_doors,
          minmay_fountain_box, minmay_gold_behind_fungi, uniq_grinder
D:4:      layout_loops_ring, lemuel_round_altar, amcnicky_altar_gilded,
          serial_shops, kennysheep_little_box, uniq_edmund, uniq_sigmund,
          uniq_blork_the_orc, uniq_pikel
D:5:      nicolae_cairo_tiling_very_big, layout_basic, general_overflow_altar,
          mainiacjoe_overflow_catwalk
D:6:      layout_rooms, eat_drink_and_be_merry_uskayaw, bloody_trog,
          minmay_temple_entry_grid, serial_aquarium, aquarium_bridge_long_joined
          [aquarium_subvault_bridge, aquarium_subvault_wall,
          aquarium_subvault_bridge, aquarium_subvault_window,
          aquarium_subvault_bridge, aquarium_subvault_window],
          aquarium_window_1, aquarium_window_corner, aquarium_window_1,
          aquarium_view_2e, aquarium_view_2b, aquarium_balcony_double_1,
          feat_on_display
D:7:      layout_loops_corners, uniq_duvessa, uniq_menkaure
D:8:      layout_loops_corners, minmay_nine_imps, uniq_grum
D:9:      layout_irregular_city, kennysheep_mini, enter_bailey_2

Skill      XL: |  1  2  3  4  5  6  7  8  9 10 |
---------------+-------------------------------+-----
Unarmed Combat | 4 6 7 8 11 | 11.0
Fighting       | 4 7 10 | 10.0
Transmutations | 3 4 |  4.0
Dodging        | |  1.5
Spellcasting   | |  1.4

Action                   |  1- 3 |  4- 6 |  7- 9 | 10-12 || total
-------------------------+-------+-------+-------+-------++-------
Melee: Unarmed           |    94 |   103 |   237 |   119 ||   553
       Punch             |       |     4 |    12 |     7 ||    23
       Kick              |       |       |       |     9 ||     9
       Headbutt          |       |       |       |     3 ||     3
Throw: Stone             |     8 |    13 |    13 |       ||    34
       Dart              |       |       |     4 |       ||     4
 Cast: Beastly Appendage |       |       |       |     4 ||     4
  Use: Scroll            |       |     2 |     7 |     3 ||    12
       Potion            |       |     1 |     1 |     1 ||     3
Armor: Robe              |    36 |    25 |    44 |    10 ||   115
       Skin              |       |     9 |       |       ||     9
       Acid dragon scale |       |       |       |    24 ||    24
Dodge: Dodged            |    35 |    40 |    99 |    54 ||   228
